 Dungeon Crawl Stone Soup version 0.31.0-11-ge490571c62 (webtiles) character file.

Game seed: 5516824036085969614

16546 lonewolfV2 the Formicid Catastrophe (level 12, -1/98 HPs)
             Began as a Formicid Fighter on Feb 9, 2024.
             Was an Elder of Qazlal.
             Killed from afar by a deep elf annihilator (53 damage)
             ... with a crystal spear
             ... on level 12 of the Dungeon.
             The game lasted 00:29:14 (12187 turns).

lonewolfV2 the Formicid Catastrophe (FoFi)         Turns: 12187, Time: 00:29:17

Health: -1/98      AC: 19    Str: 23    XL:     12   Next: 71%
Magic:  14/20      EV:  7    Int:  9    God:    Qazlal [****..]
Gold:   1524       SH: 11    Dex: 15    Spells: 11/11 levels left

rFire   + . .        e - +6 battleaxe (vamp)
rCold   . . .        c - +0 buckler
rNeg    . . .        t - +1 plate armour
rPois   +            (helmet unavailable)
rElec   .            (no cloak)
rCorr   .            (no gloves)
SInv    +            F - +2 pair of boots
Will    +....        (no amulet) Stlth
                     g - ring of poison resistance
HPRegen 0.36/turn    R - ring of protection from fire
MPRegen 0.17/turn

%: repel missiles, clarity
@: no status effects
A: permanent stasis, dig shafts and tunnels, antennae 3, four strong arms,
clarity
a: Dig, Shaft Self, Renounce Religion, Upheaval, Elemental Force


You were on level 12 of the Dungeon.
You worshipped Qazlal.
Qazlal was greatly pleased with you.
You visited 2 branches of the dungeon, and saw 13 of its levels.
You also visited: Sewer.

You collected 1969 gold pieces.
You spent 445 gold pieces at shops.

Inventory:

Hand Weapons
 a - a +0 war axe of electrocution
 e - a +6 vampiric battleaxe (weapon)
Armour
 c - a +0 buckler (worn)
 r - a +0 pair of boots
 t - a +1 plate armour (worn)
 F - a +2 pair of boots (worn)
Jewellery
 b - a ring of protection from cold
 g - a ring of poison resistance (left hand)
 o - a +6 ring of intelligence
 p - a ring of resist corrosion
 H - a ring of positive energy
 Q - a +6 ring of intelligence
 R - a ring of protection from fire (right hand)
Wands
 i - a wand of flame (29)
 l - a wand of paralysis (22)
 m - a wand of light (7)
 D - a wand of polymorph (6)
 J - a wand of roots (16)
Scrolls
 j - a scroll of noise
 v - 2 scrolls of enchant armour
 x - a scroll of brand weapon
 y - 2 scrolls of fear
 E - 2 scrolls of fog
 G - a scroll of immolation
 L - a scroll of revelation
 M - a scroll of identify
 N - a scroll of vulnerability
 O - a scroll of silence
 P - a scroll of amnesia
Potions
 d - 2 potions of might
 f - a potion of attraction {unknown}
 h - 3 potions of degeneration
 k - a potion of mutation
 n - 2 potions of invisibility
 q - 3 potions of resistance
 s - a potion of enlightenment
 u - a potion of brilliance
 w - 3 potions of lignification {unknown}
 z - 3 potions of curing
 A - 2 potions of haste
 B - a potion of cancellation
 I - a potion of berserk rage {unknown}
 K - a potion of heal wounds


   Skills:
 - Level 10.4 Fighting
 + Level 10.4 Axes
 - Level 10.4 Armour
 - Level 9.2 Shields
 * Level 11.8 Invocations


You had 11 spell levels left.
You didn't know any spells.
Your spell library contained the following spells:

 Spells                   Type           Power      Damage    Failure   Level
 Lesser Beckoning         Tloc           0%         N/A       100%        2
 Dazzling Flash           Conj/Hex       0%         N/A       100%        3
 Frozen Ramparts          Ice            0%         1d1       100%        3
 Gell's Gravitas          Tloc           0%         N/A       100%        3
 Teleport Other           Tloc           0%         N/A       100%        3
 Volatile Blastmotes      Fire/Tloc      0%         2d10      100%        3
 Leda's Liquefaction      Alch/Erth      0%         N/A       100%        4
 Petrify                  Alch/Erth      0%         N/A       100%        4
 Summon Blazeheart Golem  Fire/Summ      0%         N/A       100%        4
 Arcjolt                  Conj/Air       0%         1d10      100%        5
 Metabolic Englaciation   Hex/Ice        0%         N/A       100%        5
 Starburst                Conj/Fire      0%         6d3       100%        6
 Orb of Destruction       Conj           0%         9d5       100%        7
 Spellforged Servitor     Conj/Summ      0%         N/A       100%        7
 Maxwell's Capacitive Co  Air            0%         ∞         100%        8
 Vhi's Electric Charge    Tloc/Air       Unusable   N/A       N/A         4

Dungeon Overview and Level Annotations

Branches:
Dungeon (12/15)            Temple (1/1) D:4            Lair (0/5) D:11
    Orc (0/2) D:12          Sewer (visited)

Altars:
Ashenzari
Cheibriados
Dithmenos
Elyvilon
Fedhas
Gozag
Hepliaklqana
Kikubaaqudgha
Makhleb
Nemelex Xobeh
Okawaru
Qazlal
Ru
Sif Muna
Trog
Uskayaw
Vehumet
Wu Jian
Xom
Yredelemnul
Zin
The Shining One

Shops:
D:1 (   D:11 *

Annotations:
D:5 2 transporters


Innate Abilities, Weirdness & Mutations

You cannot be hasted, slowed, berserked, paralysed or teleported.
You can dig through walls and to a lower floor.
You have a pair of large antennae on your head. (SInv)
Your four strong arms can wield two-handed weapons with a shield.
You possess an exceptional clarity of mind.


Message History

You kill the troll!
Qazlal accepts your kill.
You start resting.
You hear a shout!
A deep elf annihilator comes into view.
It is wielding a +1 scimitar of distortion.
Aiming: Upheaval
Press: ? - help, Dir - move target, f - deep elf annihilator
Aim: a deep elf annihilator, wielding a +1 scimitar of distortion and wearing a +0 chain mail A blizzard blasts the area with ice!
The blast of ice hits the deep elf annihilator!!
The deep elf annihilator is heavily wounded.
The deep elf annihilator is flash-frozen.
The deep elf annihilator casts a spell at you.
The poison arrow hits you.
You are poisoned.
You partially resist.
Aiming: Paralyse
Press: ? - help, Q - select action, (/) - cycle Shift-Dir - straight line, f/p - deep elf annihilator
Aim: a deep elf annihilator, wielding a +1 scimitar of distortion and wearing a +0 chain mail (heavily wounded, encased in ice, chance to affect: 0%)
The deep elf annihilator resists with almost no effort.
You feel very sick.
The deep elf annihilator mumbles some strange words.
The deep elf annihilator blinks!
You feel very sick.
You feel sick.
You feel sick.
You feel sick.
You start resting.
You feel sick. x3
A deep elf annihilator is nearby!
You feel sick.
You are no longer poisoned.
A deep elf annihilator is nearby!
A deep elf annihilator is nearby!
Activating: Elemental Force (0% risk of failure)
Press: ? - help, Dir - look around, f - activate Clouds arounds you coalesce and take form!
The deep elf annihilator casts a spell at you.
The crystal spear hits you!!!
Ouch! That really hurt!
You die...

##.# ... #. #..#,..# #.
#.##$.# { #. #.')).# {{
#. #.##..# {# #. #e.#,..#
#. #. #..## ... {##.###
...###.##.EE## ...
##.....
#..<....@.☼.###.###...{..
###########...###...####.
#........# #####
#.#####.## #.... #.# #.#
#.### #.# #.# #.# # #.#
#.# #.# # #.# #.####.###
###### #.#####.........


You could see a deep elf annihilator (ally target), a friendly earth elemental
(summoned) and a friendly fire elemental (summoned).

Vanquished Creatures
  A vampire knight (D:12)
  A boulder beetle (D:12)
  3 two-headed ogres
  A phantasmal warrior (D:12)
  A manticore (D:12)
  An orc knight (D:12)
  An ugly thing (D:12)
  Maurice (D:7)
  A gargoyle (D:11)
  2 unseen horrors (D:12)
  2 tengu conjurers (D:12)
  Grinder (D:6)
  4 trolls
  A hornet (D:11)
  Prince Ribbit (D:8)
  5 shadows
  3 wyverns
  3 wraiths
  A basilisk (D:11)
  A tarantella (shapeshifter) (D:12)
  3 steam dragons
  A yak (D:11)
  2 vampire mosquitoes (D:10)
  3 water moccasins
  5 orc warriors
  4 sky beasts
  An ice beast (D:6)
  A laughing skull (D:12)
  2 black bears
  3 crocodiles
  A hornet zombie (D:3)
  4 phantoms
  2 ogres
  2 centaurs (D:9)
  6 kobold brigands
  A brain worm (Sewer)
  6 bullfrogs
  2 scorpions
  2 gnoll sergeants
  9 wights
  2 troll zombies (D:12)
  10 killer bees
  The ghost of lupinibeans the Chiller, a weakling AtIE (D:3)
  2 howler monkeys
  A centaur zombie (D:3)
  2 hounds
  A jelly (D:7)
  5 orc priests
  A bombardier beetle (D:3)
  A bullfrog skeleton (D:3)
  A gnoll bouda (D:7)
  2 sleepcaps
  Ijyb (D:3)
  Terence (D:2)
  5 iguanas
  13 orc wizards
  6 ogre zombies (D:12)
  10 adders
  14 gnolls
  3 river rats (Sewer)
  A shadow imp (D:6)
  2 white imps (D:6)
  3 dart slugs
  41 orcs
  5 endoplasms
  8 giant cockroaches
  5 gnoll zombies (D:12)
  3 goblins
  6 hobgoblins
  4 jackals
  18 kobolds
  2 quokkas (D:4)
  15 ball pythons
  2 bats (D:3)
  9 frilled lizards
  4 gnoll skeletons (D:12)
  5 orc skeletons (D:12)
  11 orc zombies (D:12)
  12 rats
333 creatures vanquished.

Vanquished Creatures (others)
  A wyvern (D:7)
  An orc (D:7)
2 creatures vanquished.

Grand Total: 335 creatures vanquished

Notes
Turn   | Place    | Note
-------+----------+-------------------------------------------
     0 | D:1      | lonewolfV2 the Formicid Fighter began the quest for the
                  | Orb.
     0 | D:1      | Reached XP level 1. HP: 18/18 MP: 1/1
   147 | D:1      | Reached XP level 2. HP: 24/24 MP: 2/2
   169 | D:1      | Found Haask's Weapon Emporium.
   508 | D:1      | Reached XP level 3. HP: 28/30 MP: 3/3
   619 | D:1      | Identified a scroll of acquirement
   619 | D:1      | Acquired 1016 gold pieces
   632 | D:1      | Bought a +4 vampiric battleaxe for 415 gold pieces
   719 | D:2      | Noticed Terence
   728 | D:2      | Killed Terence
   729 | D:2      | Reached XP level 4. HP: 35/37 MP: 4/4
   943 | D:2      | Found a faded altar of an unknown god.
  1485 | D:3      | Found a runed translucent gate.
  1495 | D:3      | Found a runed translucent gate.
  1495 | D:3      | Found a runed translucent gate.
  1502 | D:3      | Noticed lupinibeans's ghost (weakling AtIE)
  1519 | D:3      | Reached XP level 5. HP: 43/43 MP: 5/5
  1557 | D:3      | Found the -2 hat of the Alchemist {rElec rPois rF+ rC+ rN+
                  | Will+ rMut rCorr}
  1631 | D:3      | Noticed Ijyb
  1646 | D:3      | Killed Ijyb
  1838 | D:3      | Found a burning altar of Makhleb.
  1901 | D:3      | Noticed a water moccasin
  1909 | D:3      | Killed a water moccasin
  1910 | D:3      | Reached skill level 5 in Fighting
  1910 | D:3      | Reached XP level 6. HP: 49/51 MP: 6/6
  2129 | D:3      | Reached skill level 5 in Axes
  2425 | D:3      | Reached XP level 7. HP: 26/56 MP: 7/7
  2429 | D:3      | Killed lupinibeans's ghost
  2882 | D:4      | Reached XP level 8. HP: 64/64 MP: 8/8
  2904 | D:4      | Reached skill level 5 in Armour
  2931 | D:4      | Found a shadowy altar of Dithmenos.
  2993 | D:4      | Noticed a +0 falchion
  2993 | D:4      | Noticed a +0 dagger
  2993 | D:4      | Noticed a +0 short sword
  2993 | D:4      | Noticed a +0 spear
  2993 | D:4      | Noticed a +0 short sword
  2993 | D:4      | Noticed a +0 falchion
  2993 | D:4      | Noticed a +0 spear
  2994 | D:4      | Noticed a +0 dagger
  3001 | D:4      | Found a hide-covered altar of Uskayaw.
  3008 | D:4      | Found a staircase to the Ecumenical Temple.
  3017 | Temple   | Entered the Ecumenical Temple
  3040 | Temple   | Became a worshipper of Qazlal Stormbringer
  3305 | D:4      | Found a glowing golden altar of the Shining One.
  3373 | D:4      | Found an iron altar of Okawaru.
  3615 | D:5      | Entered Level 5 of the Dungeon
  3724 | D:5      | Found a glowing drain.
  3810 | Sewer    | Entered a sewer
  4283 | Sewer    | Reached * piety under Qazlal
  4887 | D:5      | Found a transporter.
  4936 | D:5      | Found a transporter.
  4962 | D:5      | Found an ornate altar of the Wu Jian Council.
  4990 | D:5      | Reached XP level 9. HP: 68/69 MP: 9/9
  5303 | D:6      | Reached skill level 2 in Invocations
  5396 | D:6      | Found a white marble altar of Elyvilon.
  5550 | D:6      | Reached skill level 3 in Invocations
  5596 | D:6      | Noticed Grinder
  5637 | D:6      | Killed Grinder
  5638 | D:6      | Reached skill level 4 in Invocations
  5890 | D:6      | Reached skill level 5 in Invocations
  5987 | D:6      | Found an opulent altar of Gozag.
  5987 | D:6      | Found a shimmering blue altar of Sif Muna.
  6161 | D:6      | Reached skill level 6 in Invocations
  6189 | D:6      | Found a snail-covered altar of Cheibriados.
  6560 | D:7      | Reached skill level 7 in Invocations
  6578 | D:7      | Reached XP level 10. HP: 50/76 MP: 15/15
  6585 | D:7      | Reached ** piety under Qazlal
  6597 | D:7      | Reached skill level 8 in Invocations
  6738 | D:7      | Noticed a two-headed ogre
  6750 | D:7      | Killed a two-headed ogre
  6990 | D:7      | Found a sparkling altar of Nemelex Xobeh.
  7020 | D:7      | Noticed Maurice
  7045 | D:7      | Maurice stole 739 gold
  7051 | D:7      | Killed Maurice
  7339 | D:7      | Reached XP level 11. HP: 65/84 MP: 17/17
  7489 | D:7      | Found a broken altar of Ashenzari.
  7681 | D:7      | Found a blossoming altar of Fedhas.
  7924 | D:7      | Gained mutation: You possess an exceptional clarity of
                  | mind. [potion of mutation]
  8188 | D:8      | Noticed Prince Ribbit
  8208 | D:8      | Killed Prince Ribbit
  8411 | D:8      | Reached *** piety under Qazlal
  8894 | D:9      | Found a hazy altar of Hepliaklqana.
  9189 | D:9      | Identified the +8 short sword "Wumeott" {venom, SInv
                  | Stlth+}
  9511 | D:10     | Entered Level 10 of the Dungeon
  9936 | D:10     | Reached **** piety under Qazlal
 10400 | D:11     | Reached skill level 10 in Armour
 10407 | D:11     | Reached skill level 10 in Fighting
 10808 | D:11     | Found a staircase to the Lair.
 10850 | D:11     | Found Hukoliq's General Store.
 10900 | D:11     | Bought a potion of curing for 30 gold pieces
 11023 | D:11     | Found an iron altar of Okawaru.
 11507 | D:12     | Noticed a manticore
 11521 | D:12     | Killed a manticore
 11522 | D:12     | Reached XP level 12. HP: 95/98 MP: 18/18
 11544 | D:12     | Noticed a two-headed ogre
 11554 | D:12     | Killed a two-headed ogre
 11555 | D:12     | Reached skill level 9 in Invocations
 11633 | D:12     | Noticed a two-headed ogre
 11641 | D:12     | Killed a two-headed ogre
 11694 | D:12     | Reached skill level 10 in Invocations
 11735 | D:12     | Found a staircase to the Orcish Mines.
 11776 | D:12     | Reached ***** piety under Qazlal
 11855 | D:12     | Noticed a boulder beetle
 11868 | D:12     | Killed a boulder beetle
 12029 | D:12     | Noticed a shock serpent
 12029 | D:12     | a shock serpent changed into a purple ugly thing
 12030 | D:12     | Noticed a vampire knight
 12032 | D:12     | Reached skill level 10 in Axes
 12041 | D:12     | a sea snake changed into a spark wasp
 12041 | D:12     | Noticed a spark wasp (glowing shapeshifter)
 12042 | D:12     | a spark wasp changed into a tarantella
 12043 | D:12     | Killed a vampire knight
 12044 | D:12     | Reached skill level 11 in Invocations
 12175 | D:12     | Noticed a deep elf annihilator
 12187 | D:12     | Killed from afar by a deep elf annihilator

Illustrated notes

Levels and vault maps discovered:
D:1:      erik_arrival_blinker_ship, layout_loops_cross, serial_shops, shop
D:2:      layout_loops_ring, dilly_ecumenical_altar_fadedgnrine,
          nicolae_kite_square_tiling_tiny, minmay_circle_x, uniq_terence
D:3:      layout_loops_corners, bloody_makhleb, gammafunk_ghost_necromancy,
          uniq_ijyb, uniq_crazy_yiuf_cottage
D:4:      layout_gridville, nicolae_uskayaw_en_pointe, tso_oasis_becter,
          mainiacjoe_overflow_alcove_2, nicolae_dithmenos_shadow_blocks,
          minmay_temple_entry_sparse_star
D:5:      gammafunk_cloud_chamber, layout_basic, nzn_wu_jian_council_hall,
          mainiacjoe_sewer_entry_somewhere_in_here_1
D:6:      layout_basic, mainiacjoe_overflow_paths, kennysheep_slug_shrine,
          nicolae_overflow_hidden_temple, uniq_grinder
D:7:      regret_index_malice_mire, layout_loops_cross, fedhas_altar_4,
          nemelex_spade_bored_becter, mainiacjoe_overflow_cross_hatched,
          nrook_uturn, uniq_maurice
D:8:      layout_basic, uniq_prince_ribbit1
D:9:      layout_cross, lemuel_crystal_altar, serial_glass, glass_columns_a,
          glass_columns_a
D:10:     layout_irregular_city
D:11:     layout_cave_pools, david_lair_generic, grunt_ministairs_12,
          nicolae_inconvenience_store, amcnicky_mini_pool_small,
          okawaru_metal_pillars_3
D:12:     layout_basic, zombieorc2_lemuel, minmay_checkered_concentric_circles
Temple:   nicolae_temple_ecumenical_triangle

Skill      XL: |  1  2  3  4  5  6  7  8  9 10 11 12 |
---------------+-------------------------------------+-----
Fighting       | 4 5 7 10 | 10.4
Axes           | 3 4 5 6 7 8 9 10 | 10.4
Armour         | 4 7 10 | 10.4
Invocations    | 7 8 11 | 11.8
Shields        | 9 |  9.2

Action                     |  1- 3 |  4- 6 |  7- 9 | 10-12 || total
---------------------------+-------+-------+-------+-------++-------
  Melee: War axe           |    57 |       |       |       ||    57
         Battleaxe         |    10 |   112 |   310 |   443 ||   875
         Unarmed           |       |       |    11 |       ||    11
 Invoke: Upheaval          |       |       |       |     1 ||     1
         Elemental Force   |       |       |       |     1 ||     1
         Disaster Area     |       |       |       |     1 ||     1
  Evoke: Wand              |       |       |       |     6 ||     6
    Use: Scroll            |     5 |     3 |     7 |     6 ||    21
         Potion            |       |       |       |    11 ||    11
   Stab: Paralysed         |       |       |       |     5 ||     5
 Armour: Scale mail        |    33 |       |       |       ||    33
         Chain mail        |    11 |    88 |       |       ||    99
         Plate armour      |       |    24 |   266 |   440 ||   730
         Skin              |       |       |     2 |       ||     2
  Dodge: Dodged            |    25 |    40 |    91 |   152 ||   308
  Block: Buckler           |    26 |    46 |   104 |   310 ||   486
